 Dungeon Crawl Stone Soup version 0.27-a0-1565-gad902ab807 (webtiles) character file.

Game seed: 1141047844311089209

24 Swapper the Chopper (level 2, -2/27 HPs)
             Began as a Minotaur Berserker on July 16, 2021.
             Was a Follower of Trog.
             Slain by a hobgoblin (4 damage)
             ... led by Robin
             ... on level 2 of the Dungeon on July 17, 2021.
             The game lasted 00:02:59 (1102 turns).

Swapper the Chopper (Minotaur Berserker)            Turns: 1102, Time: 00:02:59

Health: -2/27      AC:  2    Str: 21    XL:     2   Next: 79%
Magic:  1/1        EV: 12    Int:  4    God:    Trog [*.....]
Gold:   33         SH:  0    Dex:  9    Spells: 1/1 levels left

rFire    . . .     SeeInvis .   a - +0 hand axe
rCold    . . .     Faith    .   (no shield)
rNeg     . . .     Spirit   .   b - +0 animal skin
rPois    +         Reflect  .   (helmet restricted)
rElec    .         Harm     .   (no cloak)
rCorr    .         Rampage  .   (no gloves)
Will     .....                  (no boots)
Stlth    +.........             (no amulet)
HPRegen  0.09/turn              e - ring of poison resistance
MPRegen  0.07/turn              (no ring)

@: no status effects
A: horns 2, retaliatory headbutt
a: Renounce Religion, Berserk


You were on level 2 of the Dungeon.
You worshipped Trog.
Trog was aware of your devotion.
You visited 1 branch of the dungeon, and saw 2 of its levels.

You collected 33 gold pieces.

Inventory:

Hand Weapons
 a - a +0 hand axe (weapon)
Missiles
 d - 10 stones (quivered)
Armour
 b - a +0 animal skin (worn)
Jewellery
 e - a ring of poison resistance (left hand)
Scrolls
 c - 2 scrolls of identify {unknown}
Potions
 f - a potion of flight {unknown}
 g - a potion of invisibility {unknown}


   Skills:
 + Level 3.9 Fighting
 * Level 4.1 Axes
 + Level 2.8 Armour
 + Level 2.5 Dodging


You had one spell level left.
You didn't know any spells.
Your spell library was empty.

Dungeon Overview and Level Annotations

Branches:
Dungeon (2/15)

Altars:

Annotations:
D:2 Robin, Terence


Innate Abilities, Weirdness & Mutations

You have a pair of horns on your head.
You reflexively headbutt those who attack you in melee.


Message History

A hobgoblin comes into view.
The goblin moves out of view.
You hear a shout! x3; The hobgoblin shouts!
You hear a shout! x2
Press: ? - help, v - describe, . - travel
Here: Robin, wielding a +1 falchion of holy wrath, wearing a +0 animal skin and wearing a +0 helmet The floor.
You start waiting.
A goblin is nearby!
You closely miss the goblin. The goblin misses you. You furiously retaliate!
You headbutt the goblin!
You kill the goblin!
Trog accepts your kill.
You hit the goblin.
You kill the goblin!
Trog accepts your kill.
Robin roars a battlecry!
A hobgoblin comes into view.
You hear a shout! x2
You hit Robin.
Robin is lightly wounded.
You hear a shout! x2
Robin flexes a bicep menacingly.
Robin hits you with a +1 falchion of holy wrath.
You hear a shout!
You fail to use your ability.
Robin hits you with a +1 falchion of holy wrath!
You hit Robin but do no damage.
Robin is lightly wounded.
A goblin comes into view. It is wielding a +0 club.
Robin hits you with a +1 falchion of holy wrath.
* * * LOW HITPOINT WARNING * * *
You closely miss Robin.
Robin is lightly wounded.
An endoplasm, 5 goblins, an orc and Terence come into view.
Terence shouts!
The goblin shouts! x4; The orc shouts!
You hear a shout!
A rat comes into view.
Robin hits you with a +1 falchion of holy wrath.
* * * LOW HITPOINT WARNING * * *
The hobgoblin barely misses you. The hobgoblin hits you.
You die...

#...#.................
#.†.#.................
##..##.................
#...##....###..........
#...###...##..#>.[#...#
##...###...#..##########
###...###....#.##
###.....# #g.....#
##......## #@######
#.....### #gg.....#
##...### #gg.###..
#.†.## #.ggg# #...#
#.#..# ##...# #.@g.o
#...## #...... #...#
##...Jr# #..#######


You could see Terence, Robin, an orc, an endoplasm, 2 hobgoblins, 6 goblins and
a rat (wandering).

Vanquished Creatures
  A dart slug (D:1)
  2 ball pythons (D:1)
  2 bats (D:1)
  An endoplasm (D:2)
  4 goblins
  4 hobgoblins
  2 quokkas (D:2)
  2 kobolds
  A rat (D:1)
19 creatures vanquished.

Notes
Turn   | Place    | Note
-------+----------+-------------------------------------------
     0 | D:1      | Swapper the Minotaur Berserker began the quest for the Orb.
     0 | D:1      | Reached XP level 1. HP: 19/19 MP: 0/0
   505 | D:1      | Reached XP level 2. HP: 27/27 MP: 1/1
   706 | D:1      | Found a faded altar of an unknown god.
   798 | D:1      | Reached skill level 4 in Axes
  1092 | D:2      | Noticed Robin
  1102 | D:2      | Noticed Terence
  1102 | D:2      | Slain by a hobgoblin

Illustrated notes

Levels and vault maps discovered:
D:1:      evilmike_arrival_crescent, layout_rooms,
          shapermc_ecumenical_altar_pompeii, kennysheep_crisscross
D:2:      layout_rooms, serial_curves, eino_curves_04, eino_curves_02,
          uniq_terence, uniq_robin

Skill      XL: |  1  2 |
---------------+-------+-----
Axes           | 4 |  4.1
Fighting       | |  3.9
Armour         | |  2.8
Dodging        | |  2.5

Action                   || total
-------------------------++-------
Melee: Hand axe          ||    40
       Headbutt          ||     5
Throw: Stone             ||     1
Armor: Animal skin       ||     3
Dodge: Dodged            ||    18

Table legend: (Time is in decaauts)
 A = Elapsed time spent in this place.
 B = Non-inter-level travel time spent in this place.
 C = Inter-level travel time spent in this place.
 D = Time resting spent in this place.
 E = Time spent auto-exploring this place.
 F = Levels seen in this place.
 G = Mean time per level.
                   A        B        C        D        E       F      G
               +--------+--------+--------+--------+--------+-----+--------+
         Total |   1106 |   1037 |     69 |      2 |    900 |   2 |  553.0 |
       Dungeon |   1106 |   1037 |     69 |      2 |    900 |   2 |  553.0 |
               +--------+--------+--------+--------+--------+-----+--------+

Top non-repeatable levels by time:
     D:1: 936 daAuts
     D:2: 170 daAuts
